 Dungeon Crawl Stone Soup version 0.30.1-11-g7821555f0a (webtiles) character file.

Game seed: 11472997079182376802

157 Curundu the Poker (level 5, -1/47 HPs)
             Began as a Minotaur Berserker on Dec 31, 2023.
             Was a Believer of Trog.
             Succumbed to an orc wizard's poison
             ... on level 4 of the Dungeon.
             The game lasted 00:06:33 (2511 turns).

Curundu the Poker (Minotaur Berserker)              Turns: 2511, Time: 00:06:33

Health: -1/47      AC:  6    Str: 23    XL:     5   Next: 15%
Magic:  4/4        EV:  9    Int:  4    God:    Trog [**....]
Gold:   130        SH:  7    Dex: 10    Spells: 4/4 levels left

rFire   . . .        a - +0 spear
rCold   . . .        d - +0 kite shield
rNeg    . . .        o - +0 scale mail
rPois   .            (helmet restricted)
rElec   .            (no cloak)
rCorr   .            (no gloves)
SInv    .            (no boots)
Will    .....        (no amulet) Stlth
                     (no ring)
HPRegen 0.27/turn    (no ring)
MPRegen 0.09/turn

%: no passive effects
@: lethally poisoned (-1 -> -8)
A: horns 2, retaliatory headbutt
a: Renounce Religion, Berserk, Trog's Hand


You were on level 4 of the Dungeon.
You worshipped Trog.
Trog was pleased with you.
You visited 1 branch of the dungeon, and saw 4 of its levels.

You collected 130 gold pieces.

Inventory:

Hand Weapons
 a - a +0 spear (weapon)
Missiles
 c - 5 poisoned darts (quivered)
Armour
 d - a +0 kite shield (worn)
 o - a +0 scale mail (worn)
Wands
 i - a wand of iceblast (9)
 l - a wand of charming (7)
 u - a wand of digging (6)
Scrolls
 f - 3 scrolls of noise {unknown}
 g - a scroll of teleportation {unknown}
 h - 2 scrolls of identify {unknown}
 m - a scroll of poison {unknown}
 n - a scroll of blinking {unknown}
 p - a scroll of enchant weapon {unknown}
 q - a scroll of magic mapping {unknown}
 r - a scroll of immolation {unknown}
Potions
 b - a potion of curing {unknown}
 e - a potion of mutation {unknown}
 j - a potion of lignification {unknown}
 k - a potion of haste {unknown}
 s - a potion of resistance {unknown}
 t - a potion of cancellation {unknown}


   Skills:
 + Level 4.6 Fighting
 + Level 4.8 Polearms
 + Level 3.6 Armour
 + Level 2.7 Dodging
 + Level 0.6 Stealth
 + Level 2.0 Shields


You had 4 spell levels left.
You didn't know any spells.
Your spell library was empty.

Dungeon Overview and Level Annotations

Branches:
Dungeon (4/15)
 Temple: D:4-7

Altars:
Gozag
Trog

Shops:
D:1 ([*!


Innate Abilities, Weirdness & Mutations

You have a pair of horns on your head.
You reflexively headbutt those who attack you in melee.


Message History

The orc wizard is heavily wounded.
You feel sick. You block the orc's attack. The gnoll hits you with a +0 whip.
The orc wizard hits you but does no damage.
You are more poisoned.
The orc wizard hits you but does no damage.
You hit the orc wizard.
The orc wizard is severely wounded.
You feel very sick. You block the orc's attack. You block the gnoll's attack.
The orc wizard hits you but does no damage.
You are more poisoned.
The orc wizard points at you and mumbles some strange words.
The magic dart hits you.
* * * LOW HITPOINT WARNING * * *
You miss the orc wizard. Your headbutt misses the orc wizard.
The orc wizard is severely wounded.
* * * LOW HITPOINT WARNING * * *
You feel very sick. The orc hits you but does no damage.
You block the gnoll's attack.
The orc wizard hits you but does no damage.
You block the orc wizard's attack.
You hit the orc wizard.
The orc wizard is severely wounded.
* * * LOW HITPOINT WARNING * * *
You feel sick. The orc barely misses you. You block the gnoll's attack.
The orc wizard closely misses you.
The orc wizard gestures at you while chanting.
You resist with some effort.
You hit the orc wizard but do no damage.
The orc wizard is severely wounded.
* * * LOW HITPOINT WARNING * * *
You feel very sick. The orc hits you with a +0 hand axe.
* * * LOW HITPOINT WARNING * * *
The gnoll hits you with a +0 whip.
* * * LOW HITPOINT WARNING * * *
The orc wizard hits you but does no damage. x2
You hit the orc wizard but do no damage.
The orc wizard is severely wounded.
You die...

## #. #. #.
#.## #.###..#
#....gg#######
#oog......
##@####### #o#
#.# #.# #.#
#.# #.# #.#


You could see 2 orc wizards, 3 gnolls and an orc.

Vanquished Creatures
  Jessica (D:3)
  An iguana (D:3)
  An orc wizard (D:4)
  3 adders (D:3)
  A worm (D:2)
  4 dart slugs
  An orc (D:3)
  2 ball pythons
  6 endoplasms
  2 giant cockroaches
  3 goblins
  3 hobgoblins (D:2)
  8 jackals
  4 quokkas
  4 bats
  4 frilled lizards
  7 kobolds
  A rat (D:2)
56 creatures vanquished.

Notes
Turn   | Place    | Note
-------+----------+-------------------------------------------
     0 | D:1      | Curundu the Minotaur Berserker began the quest for the Orb.
     0 | D:1      | Reached XP level 1. HP: 19/19 MP: 0/0
    19 | D:1      | Noticed an animated pearl dragon scales
    21 | D:1      | Found Qoucem's Armour Boutique.
    22 | D:1      | Noticed an animated crystal plate armour
   175 | D:1      | Found Ibuprelu's Distillery.
   203 | D:1      | Reached XP level 2. HP: 26/27 MP: 1/1
   347 | D:1      | Found Ciqil's Assorted Antiques.
   630 | D:1      | You fall into a shaft and drop 1 floor!
   770 | D:1      | Found Mutosil's Weapon Boutique.
  1268 | D:2      | Reached ** piety under Trog
  1269 | D:2      | Reached XP level 3. HP: 33/34 MP: 2/2
  1598 | D:3      | Reached XP level 4. HP: 41/41 MP: 3/3
  1740 | D:3      | Found a bloodstained altar of Trog.
  2085 | D:3      | Reached skill level 1 in Shields
  2321 | D:3      | Noticed Jessica
  2324 | D:3      | Killed Jessica
  2334 | D:3      | Reached XP level 5. HP: 42/47 MP: 4/4
  2430 | D:3      | Found an opulent altar of Gozag.
  2510 | D:4      | HP: 2/47 [orc/+0 hand axe (2)]
  2511 | D:4      | Succumbed to an orc wizard's poison

Illustrated notes

Levels and vault maps discovered:
D:1:      tarquinn_simple_flora_water_d, layout_basic, serial_shops, shop, shop,
          nicolae_shop_tiny_real_fake_doors, nicolae_shop_mannequins
D:2:      layout_rooms
D:3:      minmay_evil_eye, layout_basic, trog_three_pillars_becter,
          mainiacjoe_overflow_alcove_4, minivault_25, kennysheep_jessica_study
D:4:      layout_loops_ring, fedhas_altar_1, minmay_temple_entry_mist,
          cheibrodos_sewer_entry_drain

Skill      XL: |  1  2  3  4 |
---------------+-------------+-----
Polearms       | 4 |  4.8
Fighting       | 4 |  4.6
Armour         | 3 |  3.6
Shields        | 2 |  2.0
Dodging        | |  2.7
Stealth        | |  0.6

Action                     |  1- 3 |  4- 6 || total
---------------------------+-------+-------++-------
  Melee: Spear             |    84 |    68 ||   152
         Headbutt          |    15 |    12 ||    27
 Armour: Animal skin       |     5 |       ||     5
         Ring mail         |    13 |     2 ||    15
         Scale mail        |       |    25 ||    25
  Dodge: Dodged            |    39 |    29 ||    68
  Block: Kite shield       |    22 |    36 ||    58
